 Dungeon Crawl Stone Soup version bcrawl-1.19.1 (webtiles) character file.

Game seed: 7475323548307365683

739 Revguard the Charlatan (level 8, -9/56 HPs)
             Began as a Human Archaeologist on Nov 26, 2019.
             Was a Follower of Zin.
             Mangled by an ogre
             ... wielding a +0 giant spiked club
              (28 damage)
             ... on level 4 of the Dungeon.
             The game lasted 00:15:26 (5615 turns).

Revguard the Charlatan (Human Archaeologist)        Turns: 5615, Time: 00:15:27

Health: -9/56      AC: 13    Str: 12    XL:     8   Next: 4%
Magic:  13/13      EV: 12    Int: 14    God:    Zin [*.....]
Gold:   242        SH:  0    Dex: 14    Spells: 7/7 levels left

rFire    + . .     SeeInvis .   i - +0 hand axe
rCold    . . .     Gourm    .   (no shield)
rNeg     . . .     Faith    .   t - +2 ring mail {rF+}
rPois    .         Spirit   .   c - +1 hat
rElec    .         Reflect  .   o - +0 cloak
rCorr    +         Harm     .   l - +0 pair of gloves
MR       .....                  d - +1 pair of boots
Stlth    ++........             (no amulet)
HPRegen  0.18/turn              m - ring of resist corrosion
MPRegen  0.13/turn              (no ring)

@: studying Evocations
A: no striking features
a: Recite, Donate Gold, Renounce Religion


You were on level 4 of the Dungeon.
You worshipped Zin.
Zin was aware of your devotion.
You were not hungry.

You visited 1 branch of the dungeon, and saw 4 of its levels.

You collected 268 gold pieces.
You donated 26 gold pieces to Zin.

Inventory:

Hand Weapons
 a - a +0 whip
 i - a +0 hand axe (weapon)
 r - a +1 mace
Missiles
 p - 82 javelins (quivered)
Armour
 c - a +1 hat (worn)
 d - a +1 pair of boots (worn)
 l - a +0 pair of gloves (worn)
 o - a +0 cloak (worn)
 t - a +2 ring mail of fire resistance (worn)
 v - a scarf of stasis
Jewellery
 m - a ring of resist corrosion (left hand)
Scrolls
 h - a scroll of blinking
 k - 8 scrolls of identify
 u - a scroll of teleportation {unknown}
 x - a scroll of remove curse
Potions
 b - 2 potions of lignification
 j - 2 potions of curing {unknown}
 n - a potion of agility
 s - 2 potions of cancellation {unknown}
 w - a potion of flight {unknown}
Books
 e - a manual of Evocations
Miscellaneous
 f - an ancient crate
Comestibles
 g - 11 rations {!d}
 q - 2 chunks of flesh


   Skills:
 + Level 2.2 Fighting
 + Level 3.1(3.7) Axes
 - Level 3.0(3.6) Maces & Flails
 + Level 1.4 Throwing
 + Level 3.2 Armour
 + Level 4.6 Dodging
 - Level 3.6 Stealth
 * Level 0.6 Invocations
 * Level 7.8 Evocations


You had 7 spell levels left.
You didn't know any spells.
Your spell library was empty.

Dungeon Overview and Level Annotations

Branches:
Dungeon (4/12)
 Temple: D:4-7

Altars:
Makhleb
Nemelex Xobeh
Qazlal
Wu Jian
Zin


Message History

The ogre is severely wounded.
The ogre hits you with a +0 giant spiked club!
You hit the ogre but do no damage.
The ogre is severely wounded.
You hit the ogre.
The ogre is severely wounded.
The ogre hits you with a +0 giant spiked club!
You barely miss the ogre.
The ogre is severely wounded.
The ogre hits you with a +0 giant spiked club.
You completely miss the ogre.
The ogre is severely wounded.
You hit the ogre but do no damage.
The ogre is severely wounded.
The ogre hits you with a +0 giant spiked club.
You slash the ogre!
The ogre is almost dead.
The ogre hits you with a +0 giant spiked club!!
Ouch! That really hurt!
You die...

..........
.............###)....
........................##
###.>.
.......................##
##.. ....#...
............### ##.
....### ...........# ##
....# ..........# # .....
.........# .....
........O## .....
#.......@.# .....
#..!......# ....#
#........[# ....#
#........## ....#
#........# ....#
#........# ....#
#......#.# ....#
##....##.# ....# #######.#


You could see an ogre.

Vanquished Creatures
  2 ogres
  A big kobold (D:3)
  A centaur (D:4)
  2 hounds (D:2)
  An orc priest (D:4)
  An orc wizard (D:3)
  5 worker ants
  A hound zombie (D:3)
  5 adders
  An adder skeleton (D:4)
  5 worms
  3 dart slugs
  5 leopard geckos
  8 orcs
  5 bats
  5 giant cockroaches
  10 goblins
  5 hobgoblins
  10 jackals
  14 kobolds
  2 quokkas
  A ball python (D:3)
  17 frilled lizards
  6 rats
116 creatures vanquished.

Notes
Turn   | Place    | Note
-------+----------+-------------------------------------------
     0 | D:1      | Revguard the Human Archaeologist began the quest for the
                  | Orb.
     0 | D:1      | Reached XP level 1. HP: 15/15 MP: 1/1
    42 | D:1      | Reached skill level 1 in Evocations
    81 | D:1      | Reached XP level 2. HP: 21/21 MP: 2/2
   473 | D:1      | Reached skill level 1 in Armour
   473 | D:1      | Reached XP level 3. HP: 24/26 MP: 4/4
  1192 | D:2      | Reached skill level 2 in Evocations
  1353 | D:2      | Reached XP level 4. HP: 21/32 MP: 5/5
  1523 | D:2      | Found an ornate altar of the Wu Jian Council.
  1960 | D:2      | Found a faded altar of an unknown god.
  2090 | D:2      | Reached XP level 5. HP: 29/37 MP: 7/7
  2254 | D:2      | Reached skill level 3 in Evocations
  2300 | D:2      | Found a burning altar of Makhleb.
  2664 | D:3      | Noticed a big kobold
  2707 | D:3      | Killed a big kobold
  2707 | D:3      | Reached skill level 5 in Evocations
  2707 | D:3      | Reached XP level 6. HP: 17/43 MP: 7/10
  2747 | D:3      | HP: 1/43 [worm (10)]
  2758 | D:3      | Reached skill level 6 in Evocations
  3190 | D:3      | Found a sparkling altar of Nemelex Xobeh.
  3411 | D:3      | Reached skill level 1 in Axes
  3563 | D:3      | Noticed an ogre
  3610 | D:3      | Killed an ogre
  3610 | D:3      | Reached skill level 7 in Evocations
  3610 | D:3      | Reached XP level 7. HP: 24/49 MP: 12/12
  3961 | D:3      | Found a stormy altar of Qazlal.
  4151 | D:4      | Reached skill level 1 in Throwing
  5213 | D:4      | Found Zin's Purification Station.
  5236 | D:4      | Found a glowing silver altar of Zin.
  5252 | D:4      | Became a worshipper of Zin the Law-Giver
  5252 | D:4      | Reached * piety under Zin
  5523 | D:4      | Reached XP level 8. HP: 50/56 MP: 13/13
  5615 | D:4      | Mangled by an ogre

Skill      XL: |  1  2  3  4  5  6  7 |
---------------+----------------------+-----
Evocations     | 1 2 5 7 |  7.8
Armour         | 1 2 3 |  3.2
Maces & Flails | 2 3 |  3.0
Dodging        | 4 |  4.6
Axes           | 1 3 |  3.1
Fighting       | 2 |  2.2
Throwing       | 1 |  1.4
Stealth        | |  3.6
Invocations    | |  0.6

Action                   |  1- 3 |  4- 6 |  7- 9 || total
-------------------------+-------+-------+-------++-------
Melee: Whip              |   161 |       |       ||   161
       Mace              |    20 |   256 |       ||   276
       Hand axe          |       |    56 |   138 ||   194
Throw: Javelin           |       |    28 |     8 ||    36
  Use: Scroll            |       |     8 |     1 ||     9
       Potion            |       |     3 |     1 ||     4
 Stab: Sleeping          |     3 |       |     1 ||     4
  Eat: Chunk             |     2 |     8 |     6 ||    16
Armor: Robe              |    58 |       |       ||    58
       Scale mail        |     8 |   104 |       ||   112
       Ring mail         |       |   100 |    56 ||   156
Dodge: Dodged            |   147 |   216 |    87 ||   450
